 Dungeon Crawl Stone Soup version 0.28-a0-410-gbef64dd269 (webtiles) character file.

Game seed: 2569159212307037890

111063 dolemite99 the Fighter (level 16, -1/147 HPs)
             Began as a Minotaur Hunter on Sept 6, 2021.
             Was a Believer of Lugonu.
             Slain by a salamander (11 damage)
             ... on level 1 of the Snake Pit on Sept 7, 2021.
             The game lasted 01:11:34 (55731 turns).

dolemite99 the Fighter (Minotaur Hunter)           Turns: 55731, Time: 01:11:34

Health: -1/147     AC: 25    Str: 24    XL:     16   Next: 8%
Magic:  19/22      EV: 12    Int:  8    God:    Lugonu [**....]
Gold:   469        SH:  0    Dex: 11    Spells: 15/15 levels left

rFire   . . .      SeeInvis .   b - +2 shortbow (flame)
rCold   + . .      Faith    .   (shield currently unavailable)
rNeg    + . .      Spirit   .   p - +1 chain mail {rC+}
rPois   +          Reflect  .   S - +2 hat
rElec   .          Harm     .   (no cloak)
rCorr   .          Rampage  .   m - +1 pair of gloves
Will    ++++.      Clarity  +   n - +2 pair of boots {Fly}
Stlth   ..........              Y - amulet of the Four Winds {rN+ Will+++ Clar}
HPRegen 0.34/turn               z - +4 ring of protection {=R}
MPRegen 0.18/turn               y - ring "Ros Meic" {Fly rPois}

@: flying
A: horns 2, retaliatory headbutt
a: Renounce Religion, Depart the Abyss, Bend Space


You were on level 1 of the Snake Pit.
You worshipped Lugonu.
Lugonu was pleased with you.
You visited 5 branches of the dungeon, and saw 26 of its levels.
You also visited: Volcano.

You collected 2941 gold pieces.
You spent 2472 gold pieces at shops.

Inventory:

Hand Weapons
 a - a +4 demon blade of draining
 b - a +2 shortbow of flaming (weapon)
 h - the +4 rapier "Batryk" {protect, rF+++ Dex+8 Stlth-}
   (You bought it in a shop on level 2 of the Orcish Mines)

   It grants its wielder temporary protection when it strikes (+7 to AC).
   Dex:       It affects your dexterity (+8).
   rF:        It renders you almost immune to fire.
   Stlth:     It makes you less stealthy.
 Q - a +2 rapier of distortion
 U - a +0 longbow
Missiles
 d - 529 arrows (quivered ammo)
 G - 4 throwing nets
 K - 56 boomerangs
 L - 27 poisoned darts
Armour
 m - a +1 pair of gloves (worn)
 n - a +2 pair of boots of flying (worn)
 p - a +1 chain mail of cold resistance (worn)
 S - a +2 hat (worn)
Magical Staves
 t - a staff of cold
Jewellery
 o - a ring of fire
 u - a ring of see invisible
 v - a +6 ring of dexterity
 w - a ring of willpower
 x - a ring of poison resistance
 y - the ring "Ros Meic" (right hand) {Fly rPois}
   (You found it on level 3 of the Lair of Beasts)

   [ring of poison resistance]

   rPois:     It protects you from poison.
   Fly:       It grants you flight.
 z - a +4 ring of protection (left hand) {=R}
 R - a ring of ice
 Y - the amulet of the Four Winds (around neck) {rN+ Will+++ Clar}
   (You bought it in a shop on level 8 of the Dungeon)

   [amulet of nothing]

   rN:        It protects you from negative energy.
   Clar:      It protects you against confusion.
   Will:      It greatly increases your willpower.
Wands
 c - a wand of flame (11)
 C - a wand of paralysis (25)
 D - a wand of iceblast (18)
 O - a wand of digging (7)
 P - a wand of polymorph (21)
 X - a wand of mindburst (13)
Scrolls
 f - a scroll of teleportation
 r - 5 scrolls of identify {@r1}
 I - a scroll of fog
 J - a scroll of vulnerability
 M - 2 scrolls of holy word
 W - a scroll of magic mapping
Potions
 e - 4 potions of haste
 g - 4 potions of might
 i - 4 potions of magic
 j - a potion of degeneration {unknown}
 k - 6 potions of flight
 l - 2 potions of attraction
 A - 14 potions of ambrosia
 N - 8 potions of lignification
 V - 2 potions of brilliance
Miscellaneous
 q - a phial of floods (inert)
 E - a condenser vane (inert)
 T - a tin of tremorstones (inert)


   Skills:
 + Level 14.8 Fighting
 - Level 10.6(11.5) Short Blades
 + Level 8.4(11.1) Long Blades
 - Level 14.0 Bows
 + Level 12.9 Armour
 - Level 11.5 Dodging
 - Level 0.7 Stealth
 - Level 10.2 Invocations
 - Level 8.7 Evocations


You had 15 spell levels left.
You didn't know any spells.
Your spell library contained the following spells:

 Spells                   Type           Power      Damage    Failure   Level
 Magic Dart               Conj           0%         1d3       90%         1
 Pain                     Necr           0%         1d4       90%         1
 Summon Small Mammal      Summ           0%         N/A       90%         1
 Searing Ray              Conj           0%         3d3       97%         2
 Static Discharge         Conj/Air       0%         N/A       97%         2
 Call Canine Familiar     Summ           0%         N/A       99%         3
 Dazzling Flash           Conj/Hex       0%         N/A       99%         3
 Frozen Ramparts          Ice            0%         1d2       99%         3
 Ozocubu's Armour         Ice            0%         N/A       99%         3
 Stone Arrow              Conj/Erth      0%         3d7       99%         3
 Summon Guardian Golem    Hex/Summ       0%         N/A       99%         3
 Tukima's Dance           Hex            0%         N/A       99%         3
 Animate Armour           Summ/Erth      0%         N/A       100%        4
 Animate Dead             Necr           0%         N/A       100%        4
 Fulminant Prism          Conj/Hex       0%         3d6       100%        4
 Ice Form                 Ice/Tmut       0%         N/A       100%        4
 Iskenderun's Mystic Bla  Conj/Tloc      0%         2d3       100%        4
 Passage of Golubria      Tloc           N/A        N/A       100%        4
 Summon Ice Beast         Ice/Summ       0%         N/A       100%        4
 Agony                    Necr           0%         N/A       100%        5
 Blade Hands              Tmut           0%         N/A       100%        5
 Borgnjor's Vile Clutch   Necr/Erth      0%         N/A       100%        5
 Excruciating Wounds      Necr           0%         N/A       100%        5
 Lightning Bolt           Conj/Air       0%         1d11      100%        5
 Metabolic Englaciation   Hex/Ice        0%         N/A       100%        5
 Yara's Violent Unravell  Hex/Tmut       0%         3d3       100%        5
 Death Channel            Necr           0%         N/A       100%        6
 Iron Shot                Conj/Erth      0%         9d1       100%        6
 Simulacrum               Ice/Necr       0%         N/A       100%        6
 Starburst                Conj/Fire      0%         6d3       100%        6
 Ozocubu's Refrigeration  Ice            0%         4d5       100%        7
 Lehudib's Crystal Spear  Conj/Erth      0%         10d2      100%        8
 Maxwell's Capacitive Co  Air            0%         ∞         100%        8


Dungeon Overview and Level Annotations

Branches:
Dungeon (15/15)            Temple (0/1) D:5            Lair (6/6) D:11
 Shoals (2/4) Lair:2        Snake (1/4) Lair:2        Slime (0/5) Lair:6
    Orc (2/2) D:9             Elf (0/3) Orc:2        Vaults (0/5) D:13
 Depths (0/5) D:15        Volcano (visited)

Altars:
Ashenzari
Cheibriados
Elyvilon
Gozag
Hepliaklqana
Makhleb
Ru
Vehumet
Wu Jian
Lugonu

Shops:
D:8 =   D:9 *[   Orc:2 *!:(

Portals:
Abyss: Lair:6
Pandemonium: Orc:2

Annotations:
D:11 corrupted
D:13 corrupted
D:14 exclusion: downstairs
D:15 corrupted
Lair:2 corrupted
Lair:6 corrupted, exclusion: 2 oklob plants
Shoals:1 Nikola
Orc:1 corrupted
Orc:2 corrupted
Abyss:1 Azrael, Sonja


Innate Abilities, Weirdness & Mutations

You have a pair of horns on your head.
You reflexively headbutt those who attack you in melee.


Message History

You shoot an arrow.
The arrow hits the salamander but does no damage.
The salamander is severely wounded.
Fire: 530 arrows
Press: ? - help, Q - select action, (/) - cycle Shift-Dir - straight line, f/p - salamander
Aim: a salamander, wielding a +0 halberd and wearing a +1 chain mail of willpower (severely wounded, very poisoned, 85% to hit)
You shoot an arrow. The arrow hits the salamander!
The salamander is almost dead.
The salamander hits you from afar with a +0 halberd.
You are engulfed in flames!
The salamander completely misses you.
Press: ? - help, Shift-Dir - straight line, f/p - salamander
Aim: a salamander, wielding a +0 halberd and wearing a +1 chain mail of willpower (almost dead, very poisoned, chance to affect: 40%)
The salamander resists with some effort.
You can no longer banish your foes.
The salamander closely misses you.
The salamander hits you from afar with a +0 halberd.
You are engulfed in flames!
Okay, then.
Unknown command.
The salamander hits you from afar with a +0 halberd of venom.
You are engulfed in flames!
* * * LOW HITPOINT WARNING * * *
As you read the scroll of fog, it crumbles to dust.
The scroll dissolves into smoke.
The salamander hits you from afar with a +0 halberd!
* * * LOW HITPOINT WARNING * * *
You are engulfed in flames!
* * * LOW HITPOINT WARNING * * *
The salamander closely misses you.
You feel better. The salamander closely misses you.
The salamander hits you from afar with a +0 halberd of venom.
* * * LOW HITPOINT WARNING * * *
You are engulfed in flames!
* * * LOW HITPOINT WARNING * * *
You feel better.
The salamander hits you from afar with a +0 halberd!
* * * LOW HITPOINT WARNING * * *
You are engulfed in flames!
You die...

.......#(....###
........##(..(.#
.###.....#.N.#.##
.####.......#§§§##
.##........##§§§§##
........#...#§§§§§##
............#§NN§§.#
............#§§§§..##
.............§§§@§..#
......§......§§§§§..#
##§§≈≈##.........##..#
.§≈.§..#...#......#..##
.§§.≈≈.≈........###...#
..≈≈#≈.≈........# #...#
....#..#........##....#
.≈≈.#.≈#..[.....#....#
.≈≈.§.≈≈§...........#


You could see 2 salamanders.

Vanquished Creatures
  Gastronok (D:12)
  An ettin (D:15)
  Fannar (D:12)
  A salamander tyrant (Snake:1)
  5 hydras
  A boulder beetle (D:12)
  A catoblepas (Lair:6)
  A vault guard (D:13)
  4 merfolk avatars (Shoals:1)
  An ogre mage (D:15)
  5 centaur warriors
  4 two-headed ogres
  Urug (D:13)
  3 thrashing horrors (Lair:6)
  5 death yaks (D:14)
  4 salamander mystics (Snake:1)
  A fire crab (Lair:6)
  3 skeletal warriors
  3 sea snakes
  2 deep elf archers
  2 wizards
  An orc knight (D:13)
  2 wolf spiders
  3 deep elf pyromancers
  2 mana vipers (Snake:1)
  20 ugly things
  2 orc sorcerers
  8 manticores
  14 elephants
  A merfolk siren (Lair:2)
  6 salamanders (Snake:1)
  3 cyclopes
  A rust devil (Orc:2)
  6 black mambas
  Maurice (D:13)
  A guardian serpent (Snake:1)
  4 smoke demons (Lair:6)
  A torpor snail (Lair:4)
  20 cane toads
  3 komodo dragons
  A freezing wraith (D:14)
  4 rime drakes
  An ice devil (Orc:2)
  A troll (shapeshifter) (Lair:6)
  A wind drake (Shoals:1)
  2 ancient zymes (Lair:6)
  3 merfolk (Shoals:1)
  A meliai (D:13)
  7 trolls
  21 blink frogs
  Prince Ribbit (D:9)
  A blink frog (shapeshifter) (D:15)
  6 slime creatures
  A snapping turtle (Shoals:1)
  4 dream sheep (Lair:5)
  A meliai zombie (D:11)
  Sigmund (D:5)
  2 wyverns
  A spriggan (Lair:6)
  2 water elementals (Shoals:1)
  35 yaks
  8 basilisks
  2 wraiths
  7 fire elementals
  2 steam dragons
  3 chaos spawn
  8 vampire mosquitoes
  2 nagas (Snake:1)
  An acid dragon (D:13)
  17 water moccasins
  Duvessa (D:7)
  5 hell hounds
  24 orc warriors
  4 black bears
  An ice beast (D:5)
  A necrophage (D:5)
  A hornet zombie (D:4)
  6 ogres
  14 centaurs
  2 phantoms
  Blork the orc (D:6)
  8 small abominations (Lair:6)
  13 bullfrogs
  A gnoll sergeant (D:10)
  3 kobold brigands
  4 scorpions
  Dowan (D:7)
  A water moccasin zombie (D:5)
  A water moccasin skeleton (D:5)
  A wyvern skeleton (D:6)
  19 killer bees
  3 wights (D:7)
  2 electric eels (Lair:4)
  2 howler monkeys
  A lava snake (Snake:1)
  A centaur zombie (D:10)
  4 jellies
  A bullfrog zombie (D:6)
  19 orc priests
  A centaur skeleton (D:7)
  2 iguanas (D:5)
  20 orc wizards
  4 hell rats (Lair:5)
  A hound skeleton (D:4)
  2 howler monkey zombies
  3 gnolls (D:10)
  15 adders
  2 shadow imps (D:7)
  2 white imps
  4 worms
  5 dart slugs
  79 orcs
  11 ball pythons
  14 bats
  7 endoplasms
  2 giant cockroaches
  6 hobgoblins
  11 jackals
  19 kobolds
  5 quokkas
  2 frilled lizards (D:2)
  14 goblins
  6 rats
678 creatures vanquished.

Vanquished Creatures (collateral kills)
  A black mamba (Lair:2)
  A naga mage (Snake:1)
  A rime drake (Lair:2)
  2 yaks (Lair:2)
5 creatures vanquished.

Vanquished Creatures (others)
  An orc warlord (Orc:1)
  4 vault guards (D:13)
  Harold (D:11)
  A boulder beetle (D:13)
  An ogre mage (D:13)
  2 two-headed ogres (D:11)
  A tengu warrior (D:13)
  4 death yaks (Lair:6)
  6 orc high priests (Orc:2)
  A soul eater (Orc:2)
  A sixfirhy (Orc:2)
  A gelid demonspawn (Orc:2)
  An infernal demonspawn (Orc:2)
  3 orc knights (Orc:2)
  A torturous demonspawn (Orc:2)
  A wizard (D:15)
  8 deep elf pyromancers
  A necromancer (D:15)
  A deep elf zephyrmancer (D:15)
  A wolf spider zombie (D:15)
  6 orc sorcerers
  A large abomination (Lair:6)
  A naga mage (D:15)
  3 black mambas
  A cane toad (Lair:2)
  A yaktaur (D:13)
  A tengu conjurer (D:13)
  A queen bee (Lair:2)
  2 trolls (Orc:1)
  A wolf spider simulacrum (D:15)
  A harpy skeleton (D:15)
  A shapeshifter (Lair:2)
  A centaur simulacrum (D:15)
  A shadow (D:11)
  6 fire elementals (Volcano)
  A neqoxec (Orc:2)
  2 vampire mosquitoes (D:11)
  4 water moccasins
  17 orc warriors
  An ogre (Orc:1)
  2 centaurs (D:11)
  A small abomination (Lair:6)
  19 killer bees (Lair:2)
  6 orc priests
  6 orc wizards (Orc:1)
  A gnoll (D:10)
  10 orcs (Orc:1)
  A kobold (D:10)
  4 foxfires (Volcano)
  50 fungi
  60 plants
  39 starspawn tentacles
293 creatures vanquished.

Grand Total: 976 creatures vanquished

Notes
Turn   | Place    | Note
-------+----------+-------------------------------------------
     0 | D:1      | dolemite99 the Minotaur Hunter began the quest for the Orb.
     0 | D:1      | Reached XP level 1. HP: 18/18 MP: 0/0
   237 | D:1      | Reached XP level 2. HP: 26/26 MP: 1/1
   676 | D:1      | Found a faded altar of an unknown god.
   682 | D:1      | Became a worshipper of Lugonu the Unformed
   682 | D:1      | Reached * piety under Lugonu
   682 | D:1      | Reached ** piety under Lugonu
   798 | D:1      | Reached XP level 3. HP: 33/33 MP: 2/2
  1149 | D:2      | Reached skill level 1 in Short Blades
  1357 | D:2      | You fall into a shaft and drop 2 floors!
  1501 | D:4      | Reached skill level 5 in Bows
  1501 | D:4      | Reached XP level 4. HP: 40/40 MP: 3/3
  1635 | D:2      | Reached *** piety under Lugonu
  2168 | D:3      | Found a white marble altar of Elyvilon.
  2321 | D:3      | Reached XP level 5. HP: 20/46 MP: 4/4
  3738 | D:4      | Noticed an ogre
  3747 | D:4      | Killed an ogre
  3748 | D:4      | Reached XP level 6. HP: 26/53 MP: 5/5
  4345 | D:4      | Identified the +1 robe "Ushriuha" {Dex+2}
  4386 | D:4      | Noticed a water moccasin
  4908 | D:4      | Found a sacrificial altar of Ru.
  4912 | D:4      | Reached skill level 5 in Fighting
  5256 | D:5      | Entered Level 5 of the Dungeon
  5279 | D:5      | Reached XP level 7. HP: 55/61 MP: 6/6
  5647 | D:5      | Found a staircase to the Ecumenical Temple.
  5647 | D:5      | Noticed Sigmund
  5661 | D:5      | Killed Sigmund
  5781 | D:5      | Found an ornate altar of the Wu Jian Council.
  6050 | D:5      | Reached XP level 8. HP: 70/73 MP: 7/7
  6623 | D:6      | Reached **** piety under Lugonu
  6629 | D:6      | Noticed Blork the orc
  6646 | D:6      | Killed Blork the orc
  6647 | D:6      | Reached skill level 5 in Short Blades
  6773 | D:6      | Found an opulent altar of Gozag.
  6789 | D:6      | Reached skill level 1 in Invocations
  7191 | D:6      | Found a broken altar of Ashenzari.
  7443 | D:7      | Found a radiant altar of Vehumet.
  7991 | D:7      | Reached skill level 5 in Invocations
  8106 | D:7      | Found a snail-covered altar of Cheibriados.
  8138 | D:7      | Reached XP level 9. HP: 79/79 MP: 11/11
  8569 | D:7      | Noticed Duvessa
  8569 | D:7      | Noticed Dowan
  8595 | D:7      | Killed Duvessa
  8601 | D:7      | Killed Dowan
 10437 | D:8      | Found Kiakkeimm's Jewellery Emporium.
 10743 | D:8      | Bought a +4 ring of protection for 468 gold pieces
 11512 | D:9      | Found Hutywnem's Assorted Antiques.
 11669 | D:9      | Bought a scroll labelled SAEMOT ILUC for 30 gold pieces
 11713 | D:9      | You fall into a shaft and drop 1 floor!
 11713 | D:10     | Entered Level 10 of the Dungeon
 11867 | D:10     | Reached XP level 10. HP: 75/88 MP: 15/15
 12605 | D:9      | Reached skill level 5 in Armour
 13069 | D:9      | Found a staircase to the Orcish Mines.
 13135 | D:9      | Noticed Prince Ribbit
 13147 | D:9      | Killed Prince Ribbit
 13198 | D:9      | Found Peyppey's Antique Armour Shop.
 13377 | D:9      | Found a burning altar of Makhleb.
 13377 | D:9      | Noticed a green death
 13382 | D:9      | Noticed a smoke demon
 13404 | D:9      | Bought a potion of heal wounds for 150 gold pieces
 13668 | D:10     | Identified the +0 chain mail of the Bruised Realms {Will-
                  | Str+10 Dex-3}
 13707 | D:10     | Noticed an orange demon
 14210 | D:11     | Noticed Harold
 14221 | D:11     | Corrupted D:11
 14221 | D:11     | Noticed a guardian serpent
 14223 | D:11     | Noticed a rakshasa
 14223 | D:11     | Noticed a tentacled starspawn
 14228 | D:11     | Killed Harold
 14254 | D:11     | Killed a two-headed ogre
 14273 | D:11     | Found a staircase to the Lair.
 14286 | D:11     | Killed a two-headed ogre
 14346 | D:11     | Noticed a worldbinder
 14472 | D:11     | Reached skill level 10 in Bows
 14672 | D:11     | Found a hazy altar of Hepliaklqana.
 15619 | D:12     | Noticed an eight-headed hydra
 15625 | D:12     | Noticed a white ugly thing
 15626 | D:12     | Banished an eight-headed hydra
 15627 | D:12     | Reached XP level 11. HP: 71/97 MP: 4/17
 16119 | D:12     | Banished a white ugly thing
 16479 | D:12     | Noticed Gastronok
 16480 | D:12     | Noticed an eight-headed hydra
 16486 | D:12     | Banished an eight-headed hydra
 16487 | D:12     | Reached skill level 10 in Fighting
 16533 | D:12     | Killed Gastronok
 16534 | D:12     | Reached skill level 10 in Invocations
 16941 | D:12     | Noticed a wolf spider
 16951 | D:12     | Killed a wolf spider
 17436 | D:12     | Noticed a boulder beetle
 17463 | D:12     | Killed a boulder beetle
 17884 | Lair:1   | Entered Level 1 of the Lair of Beasts
 19010 | D:9      | Bought a scroll of identify for 60 gold pieces
 19010 | D:9      | Bought a glowing pink potion for 27 gold pieces
 19237 | Lair:2   | Found a staircase to the Shoals.
 19263 | Lair:2   | Reached XP level 12. HP: 108/108 MP: 18/18
 19287 | Lair:2   | You fall into a shaft and drop 2 floors!
 19797 | Lair:4   | Noticed a six-headed hydra
 19800 | Lair:4   | Banished a six-headed hydra
 19911 | Lair:4   | Reached skill level 5 in Dodging
 21745 | Lair:2   | Reached skill level 1 in Evocations
 22046 | Lair:2   | Found a staircase to the Snake Pit.
 22257 | Lair:2   | Corrupted Lair:2
 22257 | Lair:2   | Noticed an anaconda
 22257 | Lair:2   | a glowing shapeshifter changed into an anaconda
 22257 | Lair:2   | Noticed a starcursed mass
 22257 | Lair:2   | Noticed a starcursed mass
 22262 | Lair:2   | Noticed a rakshasa
 22263 | Lair:2   | an anaconda changed into a death drake
 22269 | Lair:2   | Noticed a green very ugly thing
 22279 | Lair:2   | Noticed a quicksilver ooze
 22280 | Lair:2   | Noticed a boulder beetle
 22280 | Lair:2   | a quicksilver ooze changed into a boulder beetle
 22281 | Lair:2   | Noticed a four-headed hydra
 22281 | Lair:2   | a boulder beetle changed into a four-headed hydra
 22910 | Lair:2   | Identified a scroll of acquirement
 22910 | Lair:2   | Acquired 903 gold pieces
 23542 | Lair:3   | Noticed a seven-headed hydra
 23552 | Lair:3   | Killed a seven-headed hydra
 23879 | Lair:3   | Reached skill level 5 in Evocations
 23910 | Lair:3   | Reached XP level 13. HP: 107/116 MP: 19/19
 23969 | Lair:3   | Identified the ring "Ros Meic" {Fly rPois}
 26402 | Lair:5   | Found a dark tunnel.
 26431 | Volcano  | Entered a volcano
 26614 | Volcano  | Corrupted Volcano
 26614 | Volcano  | Noticed a tentacled starspawn
 26614 | Volcano  | Noticed a tentacled starspawn
 26614 | Volcano  | Noticed a starcursed mass
 26614 | Volcano  | Noticed a tentacled starspawn
 26615 | Volcano  | Noticed a purple very ugly thing
 26615 | Volcano  | Noticed a tentacled starspawn
 27098 | Lair:5   | Noticed Sonja
 27101 | Lair:5   | Banished Sonja
 28924 | Lair:6   | Entered Level 6 of the Lair of Beasts
 30693 | Lair:6   | Found a staircase to the Slime Pits.
 31199 | Lair:6   | Corrupted Lair:6
 32145 | Lair:6   | Reached XP level 14. HP: 110/126 MP: 20/20
 33711 | Lair:6   | Found a corrupted altar of Lugonu.
 33711 | Lair:6   | Found a one-way gate to the infinite horrors of the Abyss.
 34082 | Lair:6   | Reached skill level 10 in Short Blades
 34372 | Lair:6   | Reached skill level 10 in Armour
 35346 | Orc:1    | Entered Level 1 of the Orcish Mines
 35523 | Orc:2    | Entered Level 2 of the Orcish Mines
 36102 | Orc:2    | Reached ***** piety under Lugonu
 36885 | Orc:2    | Found Uffukir's General Store.
 36890 | Orc:2    | Found Zehuwuz's Distillery.
 37447 | Orc:1    | Corrupted Orc:1
 37447 | Orc:1    | Noticed a starcursed mass
 37448 | Orc:1    | Noticed a tentacled starspawn
 37452 | Orc:1    | Noticed a tentacled starspawn
 37477 | Orc:1    | Killed an orc warlord
 37942 | Orc:2    | Bought a potion of heal wounds for 60 gold pieces
 37942 | Orc:2    | Bought a potion of heal wounds for 60 gold pieces
 37942 | Orc:2    | Bought a potion of might for 48 gold pieces
 37942 | Orc:2    | Bought a potion of might for 48 gold pieces
 37942 | Orc:2    | Bought a potion of might for 48 gold pieces
 38065 | Orc:2    | Bought a +2 pair of boots of flying for 387 gold pieces
 38241 | Orc:2    | Corrupted Orc:2
 38254 | Orc:2    | Found a staircase to the Elven Halls.
 38866 | Orc:2    | Found Goid's Antique Weapon Shop.
 38866 | Orc:2    | Found Saush's Book Boutique.
 38867 | Orc:2    | Found a one-way gate leading to the halls of Pandemonium.
 39147 | Orc:2    | Bought a warped rapier for 252 gold pieces
 39147 | Orc:2    | Identified the +4 rapier "Batryk" {protect, rF+++ Dex+8
                  | Stlth-} (You bought it in a shop on level 2 of the Orcish
                  | Mines)
 39165 | Orc:2    | Bought a potion of haste for 120 gold pieces
 39165 | Orc:2    | Bought 2 potions of curing for 72 gold pieces
 39165 | Orc:2    | Bought a potion of curing for 36 gold pieces
 39165 | Orc:2    | Bought a potion of lignification for 36 gold pieces
 39803 | D:12     | Noticed Fannar
 39830 | D:12     | Killed Fannar
 40273 | D:13     | Noticed Maurice
 40312 | D:13     | Killed Maurice
 40313 | D:13     | Reached skill level 1 in Long Blades
 40844 | D:13     | Corrupted D:13
 40848 | D:13     | Noticed a tentacled starspawn
 40851 | D:13     | Noticed a reaper
 40862 | D:13     | Noticed a tentacled starspawn
 41620 | D:13     | Noticed Urug
 41637 | D:13     | Killed Urug
 43823 | D:13     | Found a gate to the Vaults.
 44345 | D:14     | Reached skill level 5 in Long Blades
 44949 | D:14     | Noticed Azrael
 44971 | D:14     | Banished Azrael
 45114 | D:14     | Reached XP level 15. HP: 62/134 MP: 16/21
 47664 | D:15     | Entered Level 15 of the Dungeon
 49142 | D:15     | Corrupted D:15
 49142 | D:15     | Noticed a tentacled starspawn
 49143 | D:15     | Found a staircase to the Depths.
 50839 | D:8      | Bought the amulet of the Four Winds {rN+ Will+++ Clar} for
                  | 570 gold pieces
 50839 | D:8      | Found the amulet of the Four Winds {rN+ Will+++ Clar}
 51169 | Snake:1  | Entered Level 1 of the Snake Pit
 51730 | Lair:2   | Reached skill level 10 in Dodging
 52185 | Shoals:1 | Entered Level 1 of the Shoals
 52735 | Shoals:1 | Noticed Nikola
 54299 | Snake:1  | Reached XP level 16. HP: 75/147 MP: 22/22
 55731 | Snake:1  | Slain by a salamander

Illustrated notes

Levels and vault maps discovered:
D:1:      amcnicky_arrival_feature_with_door, layout_basic,
          shapermc_ecumenical_altar_hornbeckon
D:2:      layout_loops_cross, minmay_misc_feat_chi, chequers_avenue, hex_large,
          amcnicky_mini_rare_corridor_liquid
D:3:      minmay_skewed_foursquare, layout_loops_corners, elyvilon_altar_5,
          serial_co_window_serial, co_window_corner_a, co_window_cross_1,
          co_window_paths_a, co_window_corner_a, co_window_paths_a,
          co_window_paths_b, co_window_paths_a, co_window_cross_3,
          co_window_broadway_a, co_window_broadway_a,
          co_window_of_opportunity_b, glass_columns_a, minivault_25
D:4:      layout_cave_pods, nicolae_ru_awakened_eye, kennysheep_generic_room_7
D:5:      cheibrodos_helix_gallery, layout_basic,
          mainiacjoe_overflow_cross_hatched, minmay_temple_entry_slanted,
          uniq_sigmund
D:6:      layout_loops_ring, grunt_gozag_statues, ashenzari_altar_1,
          uniq_blork_the_orc
D:7:      layout_basic, kennysheep_slug_shrine, vehumet_altar_wand_db,
          uniq_duvessa
D:8:      layout_rooms, serial_shops, shop
D:9:      layout_cave_pools, makhleb_altar_promises_db, erik_orc_3,
          serial_shops, shop, nicolae_square_shop, uniq_prince_ribbit1
D:10:     layout_long_grid, enter_bailey_5
D:11:     layout_rooms, david_lair_shrubbed, nicolae_hepliaklqana_hazy_memory,
          uniq_harold
D:12:     layout_basic, chequers_serial_rivers_large_b, uniq_gastronok,
          uniq_fannar
D:13:     layout_loops_corners, grunt_vaults_entry_fortified, uniq_urug,
          uniq_maurice
D:14:     argonaut_augean_stables, layout_basic, uniq_azrael
D:15:     grunt_enter_depths_magical_seal, layout_rooms,
          chequers_decorated_corner, minmay_checkered_concentric_circles
Lair:1:   layout_cave_shapes, portal_ice_cave_entry_pillars_1,
          cheibrodos_lair_reptile_den, grunt_megastairs_3
Lair:2:   layout_roguey [special_room_bee], minmay_shoals_entry_lonely_mermaid,
          minmay_snake_entry_six_corridors
Lair:3:   layout_hall_layers, grunt_megastairs_5
Lair:4:   layout_roguey, infiniplex_staircase_pool_2, serial_bayou_shore_a
Lair:5:   layout_gridlike, nicolae_volcano_entry_lava_flow, uniq_sonja
Lair:6:   hellmonk_lair_end_abyssal_woods, layout_cave_pods,
          nicolae_slime_entry_slimehenge
Shoals:1: cheibrodos_shoals_gigantism, layout_shoals, serial_shops,
          nicolae_shop_crystal, uniq_nikola
Shoals:2: nzn_motion_control, layout_shoals, abandoned_shop
Snake:1:  layout_onion_interference, nicolae_snake_salamander_fort, uniq_aizul
Orc:1:    layout_caves, serial_shops, shop
Orc:2:    pf_orc_diabolical, layout_caves

Skill      XL: |  1  2  3  4  5  6  7  8  9 10 11 12 13 14 15 |
---------------+----------------------------------------------+-----
Fighting       | 3 4 5 7 8 9 10 11 12 14 | 14.8
Short Blades   | 2 3 4 5 6 9 10 | 10.6
Bows           | 5 6 8 9 10 11 12 14 | 14.0
Invocations    | 5 8 9 10 | 10.2
Armour         | 7 9 10 12 | 12.9
Dodging        | 9 11 | 11.5
Evocations     | 5 8 |  8.7
Long Blades    | 7 8 |  8.4
Stealth        | |  0.7

Action                   |  1- 3 |  4- 6 |  7- 9 | 10-12 | 13-15 | 16-18 || total
-------------------------+-------+-------+-------+-------+-------+-------++-------
Melee: Dagger            |    16 |    88 |   144 |   418 |   333 |       ||   999
       Headbutt          |     4 |    10 |    17 |    86 |   186 |     4 ||   307
       Short sword       |     4 |       |       |       |       |       ||     4
       Rapier            |       |       |       |       |   124 |       ||   124
       Demon blade       |       |       |       |       |   316 |    23 ||   339
 Fire: Shortbow          |    83 |    68 |   256 |   343 |  1436 |    49 ||  2235
Throw: Stone             |       |     3 |     1 |       |       |       ||     4
       Dart              |       |       |       |    14 |    41 |       ||    55
Invok: Banish            |       |       |     5 |    11 |    12 |     1 ||    29
       Corrupt           |       |       |       |     2 |     6 |       ||     8
       Bend Space        |       |       |       |     2 |     2 |       ||     4
Evoke: Wand              |       |       |     1 |     8 |     7 |     3 ||    19
       Tin of tremorston |       |       |       |       |     5 |       ||     5
       Phial of floods   |       |       |       |       |     2 |     1 ||     3
       Condenser vane    |       |       |       |       |     1 |       ||     1
  Use: Scroll            |     1 |     4 |    11 |    15 |    19 |     1 ||    51
       Potion            |       |       |     3 |     5 |    18 |     6 ||    32
 Stab: Invisible         |       |       |     1 |     1 |     5 |       ||     7
Armor: Chain mail        |    41 |    32 |       |       |   388 |    26 ||   487
       Plate armour      |       |    18 |    83 |   205 |   149 |       ||   455
       Skin              |       |       |    32 |    19 |       |       ||    51
       Swamp dragon scal |       |       |       |    50 |       |       ||    50
Dodge: Dodged            |    32 |    34 |    54 |   215 |   476 |    26 ||   837

Table legend: (Time is in decaauts)
 A = Elapsed time spent in this place.
 B = Non-inter-level travel time spent in this place.
 C = Inter-level travel time spent in this place.
 D = Time resting spent in this place.
 E = Time spent auto-exploring this place.
 F = Levels seen in this place.
 G = Mean time per level.
                   A        B        C        D        E       F      G
               +--------+--------+--------+--------+--------+-----+--------+
         Total |  54442 |  51822 |   2620 |  26208 |  17290 |  27 | 2016.4 |
       Dungeon |  29859 |  28224 |   1635 |  13083 |  10662 |  15 | 1990.6 |
          Lair |  18192 |  17488 |    704 |   9793 |   5362 |   6 | 3032.0 |
        Shoals |   1538 |   1510 |     28 |    841 |    339 |   2 |  769.0 |
     Snake Pit |    856 |    856 |      0 |    420 |    203 |   1 |  856.0 |
  Orcish Mines |   3767 |   3517 |    250 |   1957 |    709 |   2 | 1883.5 |
       Volcano |    227 |    227 |      0 |    110 |     14 |   1 |  227.0 |
               +--------+--------+--------+--------+--------+-----+--------+

Top non-repeatable levels by time:
  Lair:6: 5653 daAuts
    D:14: 4300 daAuts
  Lair:2: 4299 daAuts
    D:12: 4032 daAuts
    D:13: 3918 daAuts
  Lair:4: 3033 daAuts
   Orc:2: 2948 daAuts
  Lair:5: 2480 daAuts
     D:7: 2215 daAuts
    D:15: 1953 daAuts
     D:4: 1840 daAuts
     D:9: 1836 daAuts
  Lair:3: 1644 daAuts
     D:3: 1598 daAuts
     D:8: 1551 daAuts
